 Dungeon Crawl Stone Soup version 0.22-a0-322-g60b3cfd (webtiles) character file.

23 JeffiDaFish the Magician (level 2, -4/17 HPs)
             Began as an Octopode Wizard on Apr 3, 2018.
             Slain by a gnoll (8 damage)
             ... on level 1 of the Dungeon.
             The game lasted 00:03:28 (1316 turns).

JeffiDaFish the Magician (Octopode Wizard)          Turns: 1316, Time: 00:03:29

Health: -4/17      AC:  1    Str:  6    XL:     2   Next: 95%
Magic:  0/6        EV: 13    Int: 20    God:
Gold:   33         SH:  0    Dex: 10    Spells: 5/8 levels left

rFire    . . .     SeeInvis .   d - +0 dagger
rCold    . . .     Gourm    +   (no shield)
rNeg     . . .     Faith    .   a - +0 hat
rPois    .         Spirit   .   f - amulet of the gourmand
rElec    .         Reflect  .   (no ring)
rCorr    .         Harm     .   (no ring)
MR       .....                  (no ring)
Stlth    +++.......             (no ring)
HPRegen  0.05/turn              (no ring)
MPRegen  0.10/turn              (no ring)
                                (no ring)
                                (no ring)

@: no status effects
A: almost no armour, stealthy swim, amphibious, 8 rings, constrict 8, camouflage
1, gelatinous body 1
a: no special abilities


You were on level 1 of the Dungeon.
You were not hungry.

You visited 1 branch of the dungeon, and saw 1 of its levels.

You collected 33 gold pieces.

Inventory:

Hand Weapons
 d - a +0 dagger (weapon)
Armour
 a - a +0 hat (worn)
Jewellery
 f - an amulet of the gourmand (around mantle)
Scrolls
 b - a scroll of teleportation
 e - 2 scrolls of identify
Comestibles
 c - 5 rations


   Skills:
 - Level 2.0 Dodging
 - Level 2.7 Stealth
 * Level 3.6 Spellcasting
 + Level 1.5 Conjurations
   Level 1.0 Summonings
 - Level 1.0 Translocations


You had 5 spell levels left.
You knew the following spells:

 Your Spells              Type           Power        Failure   Level  Hunger
a - Magic Dart            Conj           ##..         7%          1    None
b - Blink                 Tloc           N/A          13%         2    ##.....


Dungeon Overview and Level Annotations

Branches:
Dungeon (1/15)

Altars:
Cheibriados
Makhleb
Ru


Innate Abilities, Weirdness & Mutations

You cannot wear most types of armour.
You are very stealthy in the water. (Stealth+)
You are amphibious.
You can wear up to eight rings at the same time.
You can use your tentacles to constrict eight enemies at once.
Your skin changes colour to match your surroundings (Stealth+).
Your rubbery body absorbs attacks. (AC +1, EV +1)


Message History

You blink.
You see here 11 stones.
Casting: Blink (safe; 13% risk of failure)
Confirm with . or Enter, or press ? or * to list all spells.
Aiming: Magic Dart (safe; 7% risk of failure)
Press: ? - help, Shift-Dir - straight line, f/p - gnoll
Aim: a gnoll (heavily wounded)
The magic dart hits the gnoll.
The gnoll is severely wounded.
The gnoll barely misses you.
The rat twitches its whiskers.
Casting: Magic Dart (safe; 7% risk of failure)
Confirm with . or Enter, or press ? or * to list all spells.
Aiming: Magic Dart (safe; 7% risk of failure)
Press: ? - help, Shift-Dir - straight line, f/p - gnoll
Aim: a gnoll (severely wounded)
The magic dart hits the gnoll.
The gnoll is severely wounded.
The gnoll hits you!
You die...

#.##.....# ##### #...
#.##.#...#############.
#.##.....##..[.........
#.......###....)...####
######.## #........# #
##.## #........# #
#...# #.......#####
#...# #.......# #..
#.@.# #.......# #.#
##g## ######### #.# #r#
#.# #.##############.#
#.....(...##...#.#
#########.#.......
#......... ###.......
##...#.#


You could see a gnoll and a rat.

Vanquished Creatures
  A leopard gecko (D:1)
  3 bats (D:1)
  2 giant cockroaches (D:1)
  7 goblins (D:1)
  A hobgoblin (D:1)
  A jackal (D:1)
  2 kobolds (D:1)
  2 rats (D:1)
19 creatures vanquished.

Notes
Turn   | Place    | Note
-------+----------+-------------------------------------------
     0 | D:1      | JeffiDaFish the Octopode Wizard began the quest for the Orb.
     0 | D:1      | Reached XP level 1. HP: 11/11 MP: 4/4
   341 | D:1      | Reached XP level 2. HP: 17/17 MP: 1/6
   364 | D:1      | Learned a level 2 spell: Blink
  1271 | D:1      | Found a sacrificial altar of Ru.
  1274 | D:1      | Found a burning altar of Makhleb.
  1274 | D:1      | Found a snail-covered altar of Cheibriados.
  1316 | D:1      | Slain by a gnoll

Vault maps used:
D:1:      dpeg_arrival_brainrot, doesnt_xom_only_xom

Action                   || total
-------------------------++-------
Melee: Dagger            ||    16
       Constrict         ||     5
       Unarmed           ||     4
       Tentacles         ||     3
 Cast: Magic Dart        ||    44
       Blink             ||     2
  Use: Scroll            ||     3
       Potion            ||     3
 Stab: Sleeping          ||     1
  Eat: Chunk             ||     4
Armor: Skin              ||     1
Dodge: Dodged            ||    13

Table legend:
 A = Spawn XP
 B = Non-spawn XP
 C = Spawn XP percentage of total XP
 D = Spawn monster count
 E = Non-spawn monster count
 F = Spawn count percentage of total count
 G = Total turns spent on level
                    A         B        C        D         E        F      G
               +---------+---------+-------+---------+---------+-------+---------
         Total |       0 |      33 |   0.0 |       0 |      19 |   0.0 |  1316
               +---------+---------+-------+---------+---------+-------+---------
           D:1 |       0 |      33 |   0.0 |       0 |      19 |   0.0 |  1316
               +---------+---------+-------+---------+---------+-------+---------
